 Dungeon Crawl Stone Soup version 0.29-a0-378-gc08b2e8bf8 (webtiles) character file.

Game seed: 6195859754998614041

9413 KateP the Carver (level 11, -2/102 HPs)
             Began as a Minotaur Fighter on May 4, 2022.
             Was an Elder of Okawaru.
             Slain by a death yak (7 damage)
             ... on level 11 of the Dungeon.
             The game lasted 00:18:55 (12196 turns).

KateP the Carver (Minotaur Fighter)                Turns: 12196, Time: 00:18:56

Health: -2/102     AC: 20    Str: 28    XL:     11   Next: 22%
Magic:  10/10      EV:  7    Int:  5    God:    Okawaru [****..]
Gold:   468        SH:  8    Dex: 10    Spells: 10/10 levels left

rFire   . . .      SeeInvis .   G - +3 scimitar (freeze)
rCold   + + .      Faith    .   c - +0 buckler
rNeg    . . .      Spirit   .   h - +0 plate armour
rPois   .          Reflect  .   (helmet restricted)
rElec   .          Harm     .   (no cloak)
rCorr   .          Rampage  .   D - +2 pair of gloves {Str+3}
Will    .....                   e - +0 pair of boots
Stlth   ..........              (no amulet)
HPRegen 0.27/turn               u - ring of protection from cold
MPRegen 0.12/turn               a - ring of protection from cold

@: on berserk cooldown, unable to read
A: horns 2, retaliatory headbutt, large bone plates 1, mutation resistance 1,
inability to read while threatened
a: Renounce Religion, Heroism, Finesse


You were on level 11 of the Dungeon.
You worshipped Okawaru.
Okawaru was greatly pleased with you.
You visited 2 branches of the dungeon, and saw 12 of its levels.
You also visited: Sewer.

You collected 468 gold pieces.

Inventory:

Hand Weapons
 G - a +3 scimitar of freezing (weapon)
Armour
 c - a +0 buckler (worn)
 e - a +0 pair of boots (worn)
 h - a +0 plate armour (worn)
 y - the +1 Delatra's gloves {ID++}
   (You found it on level 4 of the Dungeon)

   It heals its wearer when they drink unknown potions.
   It restores its wearer's MP when they read unknown scrolls.
 D - a +2 pair of gloves of strength (worn)
Jewellery
 a - a ring of protection from cold (right hand)
 u - a ring of protection from cold (left hand)
Scrolls
 b - 3 scrolls of identify
 i - a scroll of acquirement {unknown}
 m - 4 scrolls of teleportation
 n - 2 scrolls of fear
 o - 3 scrolls of amnesia
 q - a scroll of fog {unknown}
 A - 2 scrolls of magic mapping
Potions
 g - 2 potions of magic
 j - 4 potions of curing
 k - 4 potions of ambrosia
 p - 2 potions of mutation
 r - a potion of brilliance


   Skills:
 + Level 11.2 Fighting
 * Level 14.8 Long Blades
 + Level 11.1 Armour
 - Level 3.6 Shields


You had 10 spell levels left.
You didn't know any spells.
Your spell library contained the following spells:

 Spells                   Type           Power      Damage    Failure   Level
 Freeze                   Ice            0%         1d3       99%         1
 Static Discharge         Conj/Air       0%         N/A       100%        2
 Anguish                  Hex/Necr       0%         N/A       100%        4
 Freezing Cloud           Conj/Ice/Air   0%         6-21      100%        5
 Iskenderun's Battlesphe  Conj           0%         2d6       100%        5
 Lightning Bolt           Conj/Air       0%         1d11      100%        5
 Iron Shot                Conj/Erth      0%         9d1       100%        6
 Discord                  Hex            0%         N/A       100%        8
 Maxwell's Capacitive Co  Air            0%         ∞         100%        8
 Spellforged Servitor     Conj/Summ      Unusable   N/A       N/A         7

Dungeon Overview and Level Annotations

Branches:
Dungeon (11/15)            Temple (1/1) D:7            Lair (0/6) D:11
  Sewer (visited)
    Orc: D:9-12

Altars:
Ashenzari
Cheibriados
Dithmenos
Elyvilon
Fedhas
Gozag
Hepliaklqana
Kikubaaqudgha
Makhleb
Nemelex Xobeh
Okawaru
Qazlal
Ru
Sif Muna
Trog
Uskayaw
Vehumet
Wu Jian
Xom
Yredelemnul
Zin
The Shining One

Portals:
Abyss: D:3

Annotations:
D:3 2 transporters, Artihs's ghost, amateur HuFi


Innate Abilities, Weirdness & Mutations

You have a pair of horns on your head.
You reflexively headbutt those who attack you in melee.
You are partially covered in large bone plates. (SH +4)
You are somewhat resistant to further mutation.
You sometimes lose the ability to read scrolls when taking damage.


Message History

You block the death yak's attack.
You slice the death yak!! You freeze the death yak!
The death yak is almost dead.
The death yak gores you!!
You feel threatened and lose the ability to read scrolls!
You hit the death yak. You freeze the death yak.
You kill the death yak!
Okawaru accepts your kill. The death yak gores you!
* * * LOW HITPOINT WARNING * * *
You feel much better. You block the death yak's attack.
You cannot read scrolls in your current state!
You cannot read scrolls in your current state!
The death yak attacks as you move away! The death yak gores you!
You block the death yak's attack. The death yak gores you.
* * * LOW HITPOINT WARNING * * *
You cannot read scrolls in your current state!
The death yak gores you.
* * * LOW HITPOINT WARNING * * *
The death yak attacks as you move away! The death yak barely misses you.
The death yak attacks as you move away!
The death yak gores you but does no damage.
The death yak gores you.
* * * LOW HITPOINT WARNING * * *
The death yak attacks as you move away! The death yak gores you!!
* * * LOW HITPOINT WARNING * * *
The death yak gores you.
* * * LOW HITPOINT WARNING * * *
You feel better.
You feel a little less mighty now.
The death yak gores you but does no damage.
The death yak gores you.
* * * LOW HITPOINT WARNING * * *
The death yak barely misses you. The death yak barely misses you.
There is an open door here.
You feel yourself speed up. The death yak gores you!
You die...

........#
#.#<#8###⌠##
..##....#
#.#.........
..8#....###
#.#.........
..##....'.#
#.#.........
..##....#.#
#...#8###⌠##
..##....#.# #.#####
#
..8######.###...#.#
..#### ###..'.#.#.#
..##8###8#.##.#.@.#
...........####Y###
...........# #Y#
...........# #Y#
..##8###8### #Y#
..#### ### #.## ..8
#..# ..# ##.## ..#
#..#


You could see 4 death yaks.

Vanquished Creatures
  A two-headed ogre (D:11)
  4 death yaks (D:11)
  A cyclops (D:8)
  Maggie (D:8)
  A troll (D:9)
  Grinder (D:6)
  2 wyverns
  10 yaks
  A steam dragon (D:7)
  Grum (D:8)
  Menkaure (D:7)
  An acid dragon (D:8)
  A water moccasin (D:8)
  3 orc warriors
  2 black bears (D:5)
  2 ice beasts
  2 sky beasts
  2 ogres
  2 wolves (D:8)
  A centaur (D:9)
  A kobold brigand (D:9)
  7 bullfrogs
  2 scorpions
  A necrophage (D:7)
  9 wights
  A howler monkey (D:9)
  A jelly (D:4)
  A gnoll shaman (D:9)
  4 hounds
  3 iguanas
  Jessica (D:2)
  Natasha (twice) (D:2)
  2 orc wizards
  9 gnolls
  2 river rats
  9 adders
  A white imp (D:6)
  2 ufetubi
  A worm (Sewer)
  2 dart slugs (D:5)
  20 orcs
  6 ball pythons
  16 endoplasms
  12 giant cockroaches
  8 goblins
  11 hobgoblins
  3 jackals (D:5)
  6 quokkas
  6 bats
  3 frilled lizards (D:1)
  20 kobolds
  7 rats
219 creatures vanquished.

Vanquished Creatures (others)
  A bush (D:9)
1 creature vanquished.

Grand Total: 220 creatures vanquished

Notes
Turn   | Place    | Note
-------+----------+-------------------------------------------
     0 | D:1      | KateP the Minotaur Fighter began the quest for the Orb.
     0 | D:1      | Reached XP level 1. HP: 19/19 MP: 0/0
   159 | D:1      | Reached skill level 3 in Long Blades
   159 | D:1      | Reached XP level 2. HP: 18/27 MP: 1/1
   516 | D:1      | Reached XP level 3. HP: 32/33 MP: 2/2
  1124 | D:2      | Noticed Jessica
  1213 | D:2      | Reached skill level 4 in Long Blades
  1214 | D:2      | Found a faded altar of an unknown god.
  1227 | D:2      | Reached XP level 4. HP: 14/40 MP: 3/3
  1229 | D:2      | HP: 2/40 [gnoll/+0 spear (4)]
  1323 | D:2      | Killed Jessica
  1719 | D:2      | Reached XP level 5. HP: 39/47 MP: 4/4
  2084 | D:2      | Noticed Natasha
  2093 | D:2      | Killed Natasha
  2094 | D:2      | Reached skill level 5 in Long Blades
  2144 | D:2      | Noticed Natasha
  2157 | D:2      | Killed Natasha
  2245 | D:3      | Reached skill level 5 in Armour
  2470 | D:3      | Noticed Artihs's ghost (amateur HuFi)
  2471 | D:3      | Found a one-way gate to the infinite horrors of the Abyss.
  2663 | D:3      | Found a glowing drain.
  2680 | D:3      | Reached skill level 5 in Fighting
  2683 | Sewer    | Entered a sewer
  2955 | Sewer    | Reached XP level 6. HP: 56/56 MP: 5/5
  3237 | D:3      | Found a transporter.
  3275 | D:3      | Found a transporter.
  3646 | D:4      | Found a sacrificial altar of Ru.
  3660 | D:4      | Reached skill level 6 in Long Blades
  4225 | D:4      | Found the +1 Delatra's gloves {ID++}
  4591 | D:4      | Reached XP level 7. HP: 62/62 MP: 6/6
  4597 | D:4      | Reached skill level 7 in Long Blades
  5200 | D:5      | Entered Level 5 of the Dungeon
  5327 | D:5      | Found a glowing silver altar of Zin.
  5387 | D:5      | Got the Tome of Congealing Hexes
  5513 | D:5      | Reached skill level 8 in Long Blades
  5819 | D:6      | Reached XP level 8. HP: 36/71 MP: 7/7
  6438 | D:6      | Noticed Grinder
  6449 | D:6      | Killed Grinder
  6602 | D:6      | Reached skill level 9 in Long Blades
  7014 | D:6      | Reached skill level 10 in Long Blades
  7651 | D:6      | Gained mutation: You expend magic power (3 MP) to
                  | strengthen your wands. [potion of mutation]
  7651 | D:6      | Gained mutation: You are agile. (Dex +2) [potion of
                  | mutation]
  7652 | D:6      | Lost mutation: You are agile. (Dex +2) [potion of mutation]
  7652 | D:6      | Lost mutation: You expend magic power (3 MP) to strengthen
                  | your wands. [potion of mutation]
  7652 | D:6      | Gained mutation: You have very sharp teeth. [potion of
                  | mutation]
  7652 | D:6      | Gained mutation: You have sharp fingernails. [potion of
                  | mutation]
  7653 | D:6      | Lost mutation: You have sharp fingernails. [potion of
                  | mutation]
  7653 | D:6      | Lost mutation: You have very sharp teeth. [potion of
                  | mutation]
  7653 | D:6      | Gained mutation: You are occasionally teleported next to
                  | monsters. [potion of mutation]
  7653 | D:6      | Gained mutation: Your flesh is heat resistant. (rF+)
                  | [potion of mutation]
  7752 | D:7      | Found a staircase to the Ecumenical Temple.
  7808 | D:7      | Reached XP level 9. HP: 81/81 MP: 8/8
  7831 | Temple   | Entered the Ecumenical Temple
  7920 | Temple   | Became a worshipper of Warmaster Okawaru
  8254 | D:7      | Reached skill level 11 in Long Blades
  8304 | D:7      | Noticed Menkaure
  8313 | D:7      | Killed Menkaure
  8323 | D:7      | Lost mutation: Your flesh is heat resistant. (rF+) [potion
                  | of mutation]
  8323 | D:7      | Lost mutation: You are occasionally teleported next to
                  | monsters. [potion of mutation]
  8323 | D:7      | Gained mutation: You sometimes lose the ability to read
                  | scrolls when taking damage. [potion of mutation]
  8323 | D:7      | Gained mutation: You are partially covered in large bone
                  | plates. (SH +4) [potion of mutation]
  8323 | D:7      | Gained mutation: You are somewhat resistant to further
                  | mutation. [potion of mutation]
  9163 | D:8      | Noticed a cyclops
  9169 | D:8      | Killed a cyclops
  9169 | D:8      | Reached * piety under Okawaru
  9279 | D:8      | Found a shadowy altar of Dithmenos.
  9294 | D:8      | Reached skill level 12 in Long Blades
  9639 | D:8      | Reached XP level 10. HP: 87/91 MP: 9/9
  9745 | D:8      | Noticed Maggie
  9752 | D:8      | Killed Maggie
  9752 | D:8      | Reached ** piety under Okawaru
  9916 | D:8      | Found a bloodstained altar of Trog.
 10231 | D:8      | Noticed Grum
 10237 | D:8      | Reached skill level 13 in Long Blades
 10250 | D:8      | Killed Grum
 10251 | D:8      | Reached skill level 10 in Fighting
 10472 | D:8      | Reached skill level 10 in Armour
 10842 | D:9      | Reached *** piety under Okawaru
 11160 | D:9      | Found a hazy altar of Hepliaklqana.
 11161 | D:9      | Found a shimmering altar of Xom.
 11162 | D:9      | Noticed a two-headed ogre
 11836 | D:10     | Entered Level 10 of the Dungeon
 11901 | D:10     | Noticed an eight-headed hydra
 12141 | D:11     | Noticed a death yak
 12141 | D:11     | Noticed a death yak
 12142 | D:11     | Noticed a two-headed ogre
 12143 | D:11     | Found a staircase to the Lair.
 12143 | D:11     | Noticed a death yak
 12143 | D:11     | Noticed a death yak
 12143 | D:11     | Noticed a death yak
 12143 | D:11     | Noticed a death yak
 12144 | D:11     | Noticed a death yak
 12156 | D:11     | Noticed a death yak
 12159 | D:11     | Killed a death yak
 12160 | D:11     | Reached skill level 14 in Long Blades
 12164 | D:11     | Killed a two-headed ogre
 12164 | D:11     | Reached **** piety under Okawaru
 12165 | D:11     | Reached XP level 11. HP: 85/101 MP: 10/10
 12168 | D:11     | Killed a death yak
 12175 | D:11     | Killed a death yak
 12180 | D:11     | Killed a death yak
 12189 | D:11     | HP: 4/102 [death yak (18)]
 12196 | D:11     | Slain by a death yak

Illustrated notes

Levels and vault maps discovered:
D:1:      lemuel_arrival_broad_hall, layout_basic, minmay_nonomino_d4
D:2:      minmay_roachtagon, layout_rooms, hellmonk_ecumenical_altar_blasted,
          uniq_natasha, uniq_jessica
D:3:      layout_basic, gammafunk_ghost_abyssal_escape,
          cheibrodos_sewer_entry_sluice, hangedman_abyss_or_decor_stabs
D:4:      layout_basic, nicolae_ru_awakened_eye, serial_co_window_serial,
          co_window_corner_a, co_window_corner_a, co_window_paths_a,
          co_window_of_opportunity_a, co_window_paths_a, co_window_corner_b,
          co_window_broadway_a, co_window_broadway_b, co_window_unsneaky_path_c,
          co_window_broadway_b, co_window_corner_b, co_window_4corner_a,
          glass_columns_a, glass_columns_a, glass_columns_a, glass_columns_a,
          glass_columns_a
D:5:      layout_cave_pools, zin_academy
D:6:      layout_layer_cave, uniq_grinder
D:7:      layout_basic, minmay_temple_entry_glass, uniq_menkaure
D:8:      layout_gridville, nicolae_dithmenos_the_darkroom,
          mainiacjoe_overflow_catwalk, uniq_grum, uniq_maggie
D:9:      layout_basic, regret_index_temple_of_mockery, kb_lookout_dungeons_type
D:10:     layout_loops_ring, serial_rivers, chequers_serial_rivers_micro_b,
          chequers_serial_rivers_small_3, chequers_serial_rivers_small_b,
          chequers_serial_rivers_small_a
D:11:     layout_roguey, dpeg_lair_monsters, orc_0_dummy, serial_corexii_hall,
          corexii_hall_statues_i, chequers_hall_statues_corner_a,
          chequers_hall_statues_wall_a, corexii_hall_statues_x, st_stairs_10
Temple:   regret_index_temple_sphere_string

Skill      XL: |  1  2  3  4  5  6  7  8  9 10 11 |
---------------+----------------------------------+-----
Long Blades    | 3 4 5 6 8 10 12 14 | 14.8
Armour         | 4 5 6 7 9 10 11 | 11.1
Fighting       | 4 5 6 8 9 10 11 | 11.2
Shields        | |  3.6

Action                   |  1- 3 |  4- 6 |  7- 9 | 10-12 || total
-------------------------+-------+-------+-------+-------++-------
Melee: Long sword        |    83 |   267 |    67 |       ||   417
       Headbutt          |    17 |    35 |    51 |    55 ||   158
       Falchion          |       |       |    41 |       ||    41
       Scimitar          |       |       |   106 |   186 ||   292
  Use: Potion            |     1 |     1 |    12 |     5 ||    19
       Scroll            |       |       |    13 |     1 ||    14
Armor: Plate armour      |    53 |   193 |   124 |    90 ||   460
       Scale mail        |     4 |       |       |       ||     4
Dodge: Dodged            |    42 |    82 |    51 |    41 ||   216
Block: Buckler           |    30 |    43 |    40 |    61 ||   174

Table legend: (Time is in decaauts)
 A = Elapsed time spent in this place.
 B = Non-inter-level travel time spent in this place.
 C = Inter-level travel time spent in this place.
 D = Time resting spent in this place.
 E = Time spent auto-exploring this place.
 F = Levels seen in this place.
 G = Mean time per level.
                   A        B        C        D        E       F      G
               +--------+--------+--------+--------+--------+-----+--------+
         Total |  12275 |  12275 |      0 |   2086 |   8077 |  13 |  944.2 |
       Dungeon |  11596 |  11596 |      0 |   2086 |   7554 |  11 | 1054.2 |
        Temple |    150 |    150 |      0 |      0 |    124 |   1 |  150.0 |
         Sewer |    528 |    528 |      0 |      0 |    399 |   1 |  528.0 |
               +--------+--------+--------+--------+--------+-----+--------+

Top non-repeatable levels by time:
     D:6: 1940 daAuts
     D:4: 1599 daAuts
     D:8: 1450 daAuts
     D:9: 1242 daAuts
     D:7: 1212 daAuts
     D:1: 1169 daAuts
     D:2: 1088 daAuts
     D:3: 952 daAuts
     D:5: 585 daAuts
   Sewer: 528 daAuts
    D:11: 264 daAuts
  Temple: 150 daAuts
    D:10: 91 daAuts
